AoeStats
← waLLefps.

Black Forest

508724635Analyzed
4v4 RM · 7d ago on Sep 23, 2026· 44m 46s· 8 players
Game mode
Random Map
Map size
Large (8 player)
Population
200
Speed
Normal
Resources
Standard
Victory
Conquest
Starting age
Dark Age
Ending age
Imperial Age
RankedLock teamsTeams togetherTeam positionsShared explorationLock speedFull tech treeHidden civsTurbo modeCheats
Victory
Defeat
🇹🇷 Bohemians · Türkiye
1400
+11
🇹🇷 Danes · Türkiye
1380
+12
🇵🇱 Portuguese · Poland
1330
+14
🇹🇷 Persians · Türkiye
1271
+18
🇨🇴 Saxons · Colombia
1334
-15
🇩🇪 Saracens · Germany
1291
-14
🇹🇭 Danes · Thailand
1272
-13
🇹🇷 Khmer · Türkiye
1270
-13
antikiller247
1:44 Loom
11:49 Feudal Age
12:29 Double-Bit Axe
12:26 Horse Collar
19:17 Castle Age
17:40 Stone Mining
17:42 Gold Mining
18:55 Wheelbarrow
18:56 Town Watch
23:49 Bow Saw
23:52 Fletching
25:39 Heavy Plow
26:38 Bodkin Arrow
32:02 Imperial Age
30:17 Caravan
31:24 Hand Cart
31:27 Fortified Wall
33:54 Chemistry
33:29 Conscription
34:09 Elite Organ Gun
36:23 Murder Holes
36:35 Siege Engineers
37:27 Arquebus
39:58 Ballistics
39:49 Masonry
39:20 Treadmill Crane
41:12 Bombard Tower
44:52 Two-Man Saw
44:23 Crop Rotation
44:23 Scale Mail Armor
44:33 Forging
waLLefps.
11:45 Feudal Age
15:15 Castle Age
13:07 Double-Bit Axe
13:38 Horse Collar
16:11 Bow Saw
16:39 Heavy Plow
17:43 Wheelbarrow
19:10 Loom
20:38 Fletching
21:12 Fervor
22:02 Sanctity
24:39 Hand Cart
24:40 Town Watch
29:05 Imperial Age
27:14 Padded Archer Armor
28:24 Chemistry
27:36 Wagenburg Tactics
28:40 Leather Archer Armor
28:22 Bodkin Arrow
28:39 Masonry
28:50 Ballistics
30:23 Architecture
30:28 Ring Archer Armor
30:20 Conscription
31:07 Two-Man Saw
31:25 Caravan
32:24 Siege Engineers
33:39 Houfnice
39:24 Bracer
43:03 Coinage
Tameryig1t
6:57 Loom
12:24 Feudal Age
14:59 Double-Bit Axe
17:22 Castle Age
15:20 Gold Mining
15:20 Stone Mining
18:12 Wheelbarrow
17:38 Stone Mining
18:54 Bow Saw
25:21 Hand Cart
27:04 Town Watch
31:46 Imperial Age
30:16 Hamask
31:18 Forging
31:08 Scale Mail Armor
31:00 Fletching
31:10 Padded Archer Armor
31:42 Horse Collar
32:45 Gold Shaft Mining
32:46 Stone Shaft Mining
31:52 Onager
32:57 Conscription
33:35 Heavy Plow
33:54 Arson
34:09 Squires
33:55 Gambesons
33:31 Elite Varangian Guard
34:09 Bodkin Arrow
34:30 Leather Archer Armor
34:31 Chain Mail Armor
34:51 Iron Casting
35:35 Chemistry
35:20 Bracer
35:24 Town Patrol
35:37 Caravan
36:07 Coinage
35:20 Northmen's Fury
35:58 Heavy Scorpion
37:14 Ballistics
37:00 Siege Engineers
38:18 Banking
37:48 Siege Onager
41:25 Plate Mail Armor
41:55 Blast Furnace
Fırtına
10:32 Feudal Age
10:57 Double-Bit Axe
11:10 Loom
14:58 Wheelbarrow
18:19 Castle Age
16:45 Stone Mining
16:47 Gold Mining
21:49 Horse Collar
28:45 Imperial Age
27:04 Forging
27:05 Scale Barding Armor
27:14 Bow Saw
27:15 Heavy Plow
27:52 Fishing Lines
30:02 Chemistry
29:50 Hand Cart
30:19 Conscription
32:21 Gold Shaft Mining
40:10 Iron Casting
39:36 Scale Mail Armor
40:04 Chain Barding Armor
42:27 Scale Mail Armor
41:49 Elite War Elephant
nikias.marquardt
1:31 Loom
10:50 Feudal Age
11:41 Double-Bit Axe
16:49 Castle Age
20:30 Bow Saw
21:21 Horse Collar
22:04 Heavy Plow
26:27 Wheelbarrow
27:13 Scale Barding Armor
28:56 Chain Barding Armor
31:25 Imperial Age
29:23 Gold Mining
30:33 Forging
31:52 Iron Casting
31:47 Bloodlines
31:38 Husbandry
33:26 Chemistry
33:12 Plate Barding Armor
33:14 Hand Cart
33:09 Elite Mameluke
34:58 Blast Furnace
34:46 Siege Engineers
39:07 Light Cavalry
41:24 Hussar
Ramci
12:04 Feudal Age
15:39 Castle Age
13:48 Double-Bit Axe
14:47 Fishing Lines
17:03 Bow Saw
17:02 Gillnets
22:16 Loom
24:50 Wheelbarrow
28:03 Imperial Age
26:08 Gold Mining
26:09 Stone Mining
27:34 Hand Cart
28:03 Caravan
29:01 Town Watch
29:34 Horse Collar
30:34 Double Crossbow
30:30 Heavy Scorpion
30:34 Pikeman
31:26 Forging
32:04 Coinage
32:12 Siege Engineers
33:08 Chemistry
33:18 Halberdier
34:34 Iron Casting
34:00 Scale Mail Armor
38:04 Town Patrol
38:20 Chain Mail Armor
39:06 Blast Furnace
37:57 Fletching
38:35 Scale Barding Armor
39:41 Heavy Plow
39:39 Bodkin Arrow
39:48 Husbandry
39:59 Bloodlines
40:53 Elite Battle Elephant
43:20 Light Cavalry
44:42 Chain Barding Armor
Mahore
4:24 Loom
13:59 Feudal Age
16:32 Double-Bit Axe
19:25 Castle Age
17:38 Fishing Lines
19:36 Town Watch
20:28 Wheelbarrow
20:30 Bow Saw
20:40 Bow Saw
21:18 Gillnets
32:20 Imperial Age
30:43 Hand Cart
30:30 Town Patrol
31:09 Squires
30:54 Arson
31:27 Gold Mining
31:32 Stone Mining
31:48 Caravan
31:34 Pikeman
32:01 Gambesons
32:29 Forging
32:20 Scale Mail Armor
36:46 Ballistics
36:19 Halberdier
39:20 Elite Varangian Guard
40:56 Iron Casting
40:37 Chain Mail Armor
40:41 Elite Longship
42:46 Treadmill Crane
kirtokhan123
1:04 Loom
12:08 Feudal Age
16:39 Castle Age
18:13 Double-Bit Axe
18:54 Fishing Lines
20:14 Gillnets
21:46 Bow Saw
23:47 Fletching
26:18 Wheelbarrow
25:53 Bodkin Arrow
26:49 Town Watch
27:58 Horse Collar
28:15 Gold Mining
29:30 Heavy Plow
33:36 Imperial Age
32:04 Hand Cart
31:49 Town Patrol
33:07 Scale Mail Armor
33:18 Forging
32:50 Pikeman
33:31 Squires
33:17 Arson
34:45 Conscription
34:55 Chain Mail Armor
35:08 Halberdier
38:04 Plate Mail Armor
39:19 Elite Varangian Guard
Connection lost

Rejoining the realm…

Still unreachable

The connection could not be restored.

Session expired

The server has moved on; the page needs a fresh start.